 Dungeon Crawl Stone Soup version 0.19.0-2-gae57169 (webtiles) character file.

174 Exaltedone87 the Shield-Bearer (level 5, 0/49 HPs)
             Began as a Deep Dwarf Fighter on Nov 6, 2016.
             Succumbed to Daunt's ghost's poison
             ... on level 3 of the Dungeon.
             The game lasted 00:06:14 (1657 turns).

Exaltedone87 the Shield-Bearer (Deep Dwarf Fighter) Turns: 1657, Time: 00:06:14

Health: 0/49       AC:  7    Str: 21    XL:     5   Next: 28%
Magic:  5/5        EV:  8    Int:  8    God:
Gold:   126        SH:  9    Dex: 12    Spells: 0 memorised, 4 levels left

rFire  . . .     SeeInvis .     a - +0 flail
rCold  . . .     Gourm    .     b - +0 scale mail
rNeg   . . .     Faith    .     c - +0 shield
rPois  .         Spirit   .     (no helmet)
rElec  .         Reflect  .     (no cloak)
rCorr  .         Harm     .     (no gloves)
MR     .....                    (no boots)
Stlth  ..........               (no amulet)
                                (no ring)
                                (no ring)

@: lethally poisoned (0 -> -13), non-regenerating
A: damage resistance, recharge devices, sense surroundings 1, slow regeneration
3
a: Device Recharging


You were on level 3 of the Dungeon.
You were not hungry.

You visited 1 branch of the dungeon, and saw 3 of its levels.

You collected 126 gold pieces.

Inventory:

Hand Weapons
 a - a +0 flail (weapon)
Armour
 b - a +0 scale mail (worn)
 c - a +0 shield (worn)
Wands
 e - a wand of heal wounds (3/9)
 r - a wand of acid (13/15)
Scrolls
 h - 2 scrolls of remove curse {unknown}
 i - 2 scrolls of identify {unknown}
 l - a scroll of magic mapping {unknown}
 o - a scroll of amnesia {unknown}
 q - a scroll of enchant weapon {unknown}
Potions
 d - a potion of might
Comestibles
 f - a bread ration
 j - a royal jelly
 n - a slice of pizza
 p - a meat ration


   Skills:
 + Level 3.1 Fighting
 * Level 3.8 Maces & Flails
 + Level 3.8 Armour
 + Level 2.3 Dodging
 + Level 3.9 Shields


You had 4 spell levels left.
You didn't know any spells.

Dungeon Overview and Level Annotations

Branches:
Dungeon (3/15)

Altars:


Innate Abilities, Weirdness & Mutations

You are resistant to damage.
You can recharge devices by infusing magical energy.
You passively map a small area around you.
You do not regenerate.


Message History

The giant cockroach bites you but does no damage.
Daunt's ghost hits you.
* * * LOW HITPOINT WARNING * * *
You are lethally poisoned!
The giant cockroach barely misses you.
Daunt's ghost frowns in concentration.
Daunt's ghost hits you.
* * * LOW HITPOINT WARNING * * *
You closely miss Daunt's ghost.
Daunt's ghost is almost destroyed.
* * * LOW HITPOINT WARNING * * *
You feel very sick. You block the giant cockroach's attack.
Daunt's ghost hits you but does no damage.
You are more poisoned.
The giant cockroach barely misses you.
You hit Daunt's ghost.
You destroy Daunt's ghost!
You have reached level 5!
You die...

##.##### #.#
#######.# *
#.......# * ,
..,#.#####.# *
* ##.# #.# ,
.....#####.##
* ** *
........#...##
, #s@....#, *
*, #.#...##,*
#.##.## * ,
......., *
#####.### * *
#'# * ... * *
.. , ,


You could see a giant cockroach.

Vanquished Creatures
  The ghost of Daunt the Magician, an amateur GrFE (D:3)
  3 adders (D:2)
  An ooze (D:1)
  3 worms (D:2)
  5 leopard geckos
  2 giant cockroaches
  7 goblins
  5 hobgoblins
  3 jackals (D:1)
  A quokka (D:2)
  12 bats
  6 frilled lizards
  7 kobolds
  6 rats
62 creatures vanquished.

Notes
Turn   | Place    | Note
-------+----------+-------------------------------------------
     0 | D:1      | Exaltedone87 the Deep Dwarf Fighter began the quest for the Orb.
     0 | D:1      | Reached XP level 1. HP: 20/20 MP: 1/1
    87 | D:1      | Reached XP level 2. HP: 14/27 MP: 2/2
   316 | D:1      | Reached XP level 3. HP: 14/33 MP: 3/3
   613 | D:2      | Reached skill level 1 in Dodging
   883 | D:2      | Reached XP level 4. HP: 34/40 MP: 4/4
  1647 | D:3      | Noticed Daunt's ghost (amateur GrFE)
  1656 | D:3      | HP: 2/42 [poisoned by Daunt's ghost]
  1657 | D:3      | Killed Daunt's ghost
  1657 | D:3      | Reached XP level 5. HP: 3/49 MP: 5/5
  1657 | D:3      | Succumbed to Daunt's ghost's poison

Skill      XL: |  1  2  3  4 |
---------------+-------------+-----
Maces & Flails | 3 |  3.8
Dodging        | 1 2 |  2.3
Fighting       | 3 |  3.1
Armour         | |  3.8
Shields        | |  3.9

Action                   |  1- 3 |  4- 6 || total
-------------------------+-------+-------++-------
Melee: Flail             |   139 |   101 ||   240
Evoke: Wand              |     1 |     1 ||     2
  Use: Potion            |       |     2 ||     2
       Scroll            |       |     1 ||     1
  Eat: Bread ration      |       |     1 ||     1
Armor: Scale mail        |    78 |    56 ||   134
Dodge: Dodged            |    50 |    44 ||    94
Block: Shield            |    82 |    65 ||   147
